 Dungeon Crawl Stone Soup version 0.30.0-2-g1aa4bd4387 (webtiles) character file.

Game seed: 12310812106049867299

553 Cruella the Trooper (level 7, -3/54 HPs)
             Began as a Djinni Hedge Wizard on May 7, 2023.
             Slain by a water moccasin (8 damage)
             ... on level 6 of the Dungeon.
             The game lasted 00:28:59 (2709 turns).

Cruella the Trooper (Djinni Hedge Wizard)           Turns: 2709, Time: 00:29:00

Health: -3/54      AC: -4    Str:  9    XL:     7   Next: 55%
Gold:   264        EV: 12    Int: 18    God:
                   SH:  0    Dex: 12

rFire   + + .        d - +2 dagger (venom)
rCold   . . .        (no shield)
rNeg    . . .        b - +0 robe
rPois   ∞            t - +0 helmet
rElec   .            (no cloak)
rCorr   .            q - +0 pair of gloves of Day {rC+}
SInv    .            (boots unavailable)
Will    .....        h - amulet of regeneration
Stlth   ++           (no ring)
HPRegen 1.09/turn    (no ring)
MPRegen 0.00/turn

%: infuse magic (-4 HP)
@: about to teleport, corroded, flying
A: sickness immunity, fire resistance 2, cold vulnerability 1, float, innate
caster, HP casting, extra vitality 1
a: no special abilities


You were on level 6 of the Dungeon.
You visited 1 branch of the dungeon, and saw 6 of its levels.

You collected 264 gold pieces.

Inventory:

Hand Weapons
 a - a +0 dagger
 d - a +2 dagger of venom (weapon)
 l - a +0 spear
 w - a +0 long sword
 D - a +0 spear of venom
 F - a +0 halberd
Missiles
 n - 26 stones
 x - 2 boomerangs
 E - a throwing net
Armour
 b - a +0 robe (worn)
 c - a +0 hat
 m - a +3 scale mail of willpower
 o - a +0 kite shield
 q - the +0 pair of gloves of Day (worn) {rC+}
   (You found it on level 3 of the Dungeon)

   rC:        It protects you from cold.
 t - a +0 helmet (worn)
Jewellery
 h - an amulet of regeneration (around neck)
Wands
 v - a wand of roots (8)
Scrolls
 g - a scroll of blinking {unknown}
 i - 6 scrolls of identify
 j - a scroll of immolation {unknown}
 u - 2 scrolls of amnesia {unknown}
 y - a scroll of fog {unknown}
 B - a scroll of torment {unknown}
Potions
 f - 2 potions of haste
 k - 2 potions of attraction
 p - a potion of lignification {unknown}
 r - 2 potions of flight
 s - 2 potions of heal wounds
 z - a potion of mutation {unknown}
 A - a potion of cancellation {unknown}
 C - a potion of ambrosia {unknown}
 G - a potion of magic {unknown}


   Skills:
 + Level 5.3 Fighting
 - Level 4.4 Short Blades
 - Level 2.1 Dodging
 - Level 1.5 Stealth
 - Level 2.4 Spellcasting


You knew the following spells:

 Your Spells              Type           Power      Damage    Failure   Level
a - Magic Dart            Conj           44%        1d5       6%          1
b - Slow                  Hex            44%        N/A       6%          1
c - Blink                 Tloc           22%        N/A       10%         2
d - Call Imp              Summ           22%        N/A       10%         2
e - Mephitic Cloud        Conj/Pois/Air  11%        N/A       19%         3
f - Necrotise             Necr           44%        1d6       6%          1
g - Passwall              Tmut/Erth      9%         N/A       10%         2
h - Frozen Ramparts       Ice            22%        1d4       19%         3
Your spell library was empty.

Dungeon Overview and Level Annotations

Branches:
Dungeon (6/15)
 Temple: D:4-7

Altars:
Cheibriados
Elyvilon
Fedhas
Okawaru
Qazlal
Xom
Zin
The Shining One

Annotations:
D:6 Menkaure


Innate Abilities, Weirdness & Mutations

You are immune to sickness and miasma.
You are immune to poison.
Your flesh is very heat resistant. (rF++)
You are vulnerable to cold. (rC-)
You float through the air rather than walking.
You learn spells naturally, not from books.
Your magical power is your life essence.
You have superior vitality. (+4 MHP)


Message History

Your hound skeleton is destroyed!
The water moccasin hisses angrily.
Casting: Necrotise (safe; 6% risk of failure)
Confirm with . or Enter, or press ? or * to list all spells.
Aiming: Necrotise (safe; 6% risk of failure)
Press: ? - help, Shift-Dir - straight line, f/p - water moccasin
Aim: a water moccasin (severely wounded, chance to affect: 65%)
The water moccasin writhes in agony.
The water moccasin completely misses you.
The water moccasin bites you.
Casting: Necrotise (safe; 6% risk of failure)
Confirm with . or Enter, or press ? or * to list all spells.
Aiming: Necrotise (safe; 6% risk of failure)
Press: ? - help, Shift-Dir - straight line, f/p - water moccasin
Aim: a water moccasin (severely wounded, chance to affect: 65%)
The water moccasin writhes in agony.
The water moccasin closely misses you.
Casting: Necrotise (safe; 6% risk of failure)
Confirm with . or Enter, or press ? or * to list all spells.
Aiming: Necrotise (safe; 6% risk of failure)
Press: ? - help, Shift-Dir - straight line, f/p - water moccasin
Aim: a water moccasin (severely wounded, chance to affect: 65%)
The water moccasin writhes in agony.
The water moccasin bites you but does no damage.
The jelly hits you. The acid corrodes you!
You are splashed with acid!
The water moccasin closely misses you. The water moccasin bites you!
* * * LOW HITPOINT WARNING * * *
As you read the scroll of teleportation, it crumbles to dust.
You feel strangely unstable. The water moccasin barely misses you.
The jelly barely misses you. The water moccasin closely misses you.
The water moccasin attacks as you move away!
The water moccasin closely misses you. The jelly attacks as you move away!
The jelly closely misses you. The water moccasin closely misses you.
The jelly hits you.
* * * LOW HITPOINT WARNING * * *
The acid corrodes you!
You are splashed with acid!
* * * LOW HITPOINT WARNING * * *
The water moccasin bites you!
You die...

###....# ####...##.##
######....### ..######
##........## ##..##...
#......#..# ##...##...
#...#####.#####....##...
#...#? #................
...###.####..#######......<
.......#..@................
...##.$..SJ.######....##.##
..............#....>###.#
..##......#.........# #.#
#....>".#.>.......# #.#
....#...............# #.##
..........##.####.## #..#
######..#.# .# .g ##.#
...... #.#


You could see a water moccasin and a jelly.

Vanquished Creatures
  2 scorpions
  A gnoll sergeant (D:3)
  A jelly (D:6)
  A gnoll bouda (D:5)
  A hound (D:6)
  An orc wizard (D:5)
  An iguana (D:4)
  Terence (D:2)
  4 adders
  9 gnolls
  A shadow imp (D:5)
  An ufetubus (D:5)
  4 worms
  A dart slug (D:3)
  9 orcs
  7 ball pythons
  6 bats
  2 endoplasms (D:2)
  A giant cockroach (D:2)
  A goblin (D:1)
  5 hobgoblins
  2 kobolds (D:1)
  3 quokkas
  A frilled lizard (D:1)
  3 rats
69 creatures vanquished.

Vanquished Creatures (collateral kills)
  A gnoll (D:3)
  An orc (D:5)
2 creatures vanquished.

Grand Total: 71 creatures vanquished

Notes
Turn   | Place    | Note
-------+----------+-------------------------------------------
     0 | D:1      | Cruella the Djinni Hedge Wizard began the quest for the
                  | Orb.
     0 | D:1      | Cruella set off with the following spells memorised: Magic
                  | Dart, Slow, Blink, Call Imp, Mephitic Cloud.
     0 | D:1      | Reached XP level 1. HP: 15/15 MP: 0/0
   127 | D:1      | Reached skill level 1 in Short Blades
   134 | D:1      | Reached XP level 2. HP: 21/21 MP: 0/0
   389 | D:3      | Reached XP level 3. HP: 25/25 MP: 0/0
   389 | D:3      | Learned a level 1 spell: Necrotise
   410 | D:2      | Noticed Terence
   419 | D:2      | Killed Terence
   420 | D:2      | Reached XP level 4. HP: 27/31 MP: 0/0
   613 | D:3      | Noticed a gnoll sergeant
   648 | D:3      | Killed a gnoll sergeant
   649 | D:3      | Reached XP level 5. HP: 22/35 MP: 0/0
   649 | D:3      | Learned a level 2 spell: Passwall
   753 | D:3      | Found a shimmering altar of Xom.
   819 | D:3      | Found an iron altar of Okawaru.
   870 | D:3      | Identified the +0 pair of gloves of Day {rC+}
   908 | D:3      | Reached skill level 1 in Fighting
   923 | D:3      | Reached XP level 6. HP: 42/42 MP: 0/0
   996 | D:4      | Reached skill level 2 in Fighting
  1008 | D:4      | Found a snail-covered altar of Cheibriados.
  1057 | D:4      | Found a glowing golden altar of the Shining One.
  1057 | D:4      | Found a glowing silver altar of Zin.
  1058 | D:4      | Found a white marble altar of Elyvilon.
  1214 | D:4      | Reached skill level 3 in Fighting
  1269 | D:5      | Entered Level 5 of the Dungeon
  1371 | D:6      | Noticed a water moccasin
  1702 | D:5      | Reached XP level 7. HP: 51/51 MP: 0/0
  1702 | D:5      | Learned a level 3 spell: Frozen Ramparts
  1714 | D:5      | Reached skill level 4 in Fighting
  1940 | D:5      | Found a blossoming altar of Fedhas.
  1973 | D:5      | Found a stormy altar of Qazlal.
  2292 | D:6      | Reached skill level 5 in Fighting
  2319 | D:6      | Noticed a shadow
  2321 | D:6      | Noticed Menkaure
  2327 | D:6      | HP: 2/54 [shadow (2)]
  2709 | D:6      | Slain by a water moccasin

Illustrated notes

Levels and vault maps discovered:
D:1:      erik_arrival_cave_to_civilisation [erik_arrival_cave_to_hall],
          layout_basic, minmay_tetromino_i4
D:2:      layout_basic, uniq_terence
D:3:      layout_loops_cross, kennysheep_orc_sif_temple,
          mainiacjoe_overflow_large_starburst, serial_shops,
          nicolae_shop_advertising_works [nicolae_subvault_shop_adworks],
          nicolae_kite_square_tiling_tiny
D:4:      nicolae_cairo_tiling_very_big, layout_rooms, good_gods_mini_temple,
          lemuel_crystal_altar
D:5:      layout_loops_ring, grunt_temple_overflow_forces_of_nature,
          minmay_misc_feat_enclosed, amcnicky_mini_pool_small
D:6:      layout_rooms, minmay_temple_entry_antechambers, uniq_menkaure

Skill      XL: |  1  2  3  4  5  6  7 |
---------------+----------------------+-----
Short Blades   | 1 2 4 |  4.4
Fighting       | 1 3 5 |  5.3
Dodging        | |  2.1
Stealth        | |  1.5
Spellcasting   | |  2.4

Action                     |  1- 3 |  4- 6 |  7- 9 || total
---------------------------+-------+-------+-------++-------
  Melee: Dagger            |    52 |    93 |    57 ||   202
   Cast: Magic Dart        |     7 |    19 |    10 ||    36
         Necrotise         |     3 |    19 |    24 ||    46
         Call Imp          |       |     2 |     2 ||     4
         Blink             |       |     1 |       ||     1
         Slow              |       |       |     3 ||     3
    Use: Potion            |       |     4 |     1 ||     5
         Scroll            |       |     2 |     3 ||     5
   Stab: Sleeping          |     1 |       |       ||     1
         Distracted        |       |     1 |       ||     1
 Armour: Robe              |    12 |     8 |    12 ||    32
  Dodge: Dodged            |    20 |    56 |    75 ||   151
